 Dungeon Crawl Stone Soup version 0.28-a0-850-g09de17f5b5 (webtiles) character file.

Game seed: 10216899941091017782

2877 avis the Martial Artist (level 10, -7/72 HPs)
             Began as a Djinni Warper on Nov 14, 2021.
             Was a Follower of Cheibriados.
             Mangled by Edmund (11 damage)
             ... on level 5 of the Dungeon.
             The game lasted 01:02:38 (7155 turns).

avis the Martial Artist (Djinni Warper)             Turns: 7155, Time: 01:02:39

Health: -7/72      AC:  5    Str: 16    XL:     10   Next: 5%
Gold:   264        EV: 15    Int: 17    God:    Cheibriados [*.....] SH:  0 Dex: 17

rFire   + + +      SeeInvis .     - Unarmed
rCold   . . .      Faith    .   (no shield)
rNeg    . . .      Spirit   .   h - +1 leather armour {rC+}
rPois   ∞          Reflect  .   (no helmet)
rElec   .          Harm     .   v - scarf {shadows}
rCorr   .          Rampage  .   q - +0 pair of gloves
Will    +....                   (boots unavailable)
Stlth   +.........              r - amulet of regeneration
HPRegen 1.22/turn               g - ring of protection from fire
MPRegen 0.00/turn               (no ring)

@: on blink cooldown, flying, very slightly contaminated, very slow
A: sickness immunity, fire resistance 2, cold vulnerability 1, float, innate
caster, hp casting, extra vitality 1
a: Renounce Religion, Bend Time


You were on level 5 of the Dungeon.
You worshipped Cheibriados.
Cheibriados was aware of your devotion.
You visited 2 branches of the dungeon, and saw 8 of its levels.
You also visited: Ossuary.

You collected 264 gold pieces.

Inventory:

Hand Weapons
 b - a +0 hunting sling
 k - a +1 spear of flaming
 D - a +1 whip of venom
 I - a +2 whip of flaming
Missiles
 a - a throwing net
 c - 5 boomerangs of dispersal
 e - 211 stones
 f - 8 javelins (quivered)
 i - 6 boomerangs
 t - 24 sling bullets
Armour
 h - a +1 leather armour of cold resistance (worn)
 j - +0 steam dragon scales
 q - a +0 pair of gloves (worn)
 v - a scarf of shadows (worn)
 H - +0 steam dragon scales
Jewellery
 g - a ring of protection from fire (left hand)
 r - an amulet of regeneration (around neck)
Wands
 l - a wand of digging (6)
 m - a wand of iceblast (9)
 C - a wand of flame (18)
Scrolls
 n - a scroll of blinking
 o - 3 scrolls of fog {unknown}
 p - a scroll of enchant weapon {unknown}
 u - a scroll of immolation {unknown}
 x - 2 scrolls of torment {unknown}
 y - a scroll of noise {unknown}
 E - a scroll of vulnerability {unknown}
 F - 2 scrolls of teleportation
 G - a scroll of amnesia {unknown}
Potions
 d - 4 potions of curing
 s - a potion of resistance
 w - a potion of ambrosia {unknown}
 z - 2 potions of heal wounds
 A - a potion of lignification {unknown}
 B - 2 potions of degeneration {unknown}


   Skills:
 - Level 6.0 Fighting
 - Level 0.7 Throwing
 - Level 1.0 Armour
 - Level 7.0 Dodging
 * Level 10.2 Unarmed Combat
 - Level 3.0 Spellcasting


You couldn't memorise any spells.
You knew the following spells:

 Your Spells              Type           Power      Damage    Failure   Level
a - Slow                  Hex            48%        N/A       6%          1
b - Blink                 Tloc           24%        N/A       10%         2
c - Scorch                Fire           24%        2d6       10%         2
f - Frozen Ramparts       Ice            24%        1d4       19%         3
g - Gell's Gravitas       Tloc           12%        N/A       19%         3
k - Lesser Beckoning      Tloc           12%        N/A       19%         3
o - Teleport Other        Tloc           12%        N/A       19%         3
r - Cause Fear            Hex            6%         N/A       52%         4
A - Manifold Assault      Tloc           12%        N/A       86%         5
Your spell library was empty.

Dungeon Overview and Level Annotations

Branches:
Dungeon (7/15)             Temple (1/1) D:4         Ossuary (visited)

Altars:
Ashenzari
Cheibriados
Dithmenos
Elyvilon
Fedhas
Gozag
Hepliaklqana
Kikubaaqudgha
Makhleb
Nemelex Xobeh
Okawaru
Qazlal
Ru
Sif Muna
Trog
Uskayaw
Wu Jian
Xom
Yredelemnul
Zin
The Shining One

Shops:
D:4 ?

Annotations:
D:2 Sigmund
D:5 Edmund
D:6 1 runed translucent door, Duvessa; ryw's ghost, novice DEEn


Innate Abilities, Weirdness & Mutations

You are immune to sickness and miasma.
You are immune to poison.
Your flesh is very heat resistant. (rF++)
You are vulnerable to cold. (rC-)
You float through the air rather than walking.
You learn spells naturally, not from books.
Your magical power is your life essence.
You have superior vitality. (+4 HP)


Message History

Casting: Scorch (safe; 10% risk of failure)
Confirm with . or Enter, or press ? or * to list all spells.
Flames lash Edmund.
Edmund resists.
Edmund is heavily wounded.
Edmund's fire resistance burns away.
The wall freezes Edmund.
Edmund misses you.
Casting: Scorch (safe; 10% risk of failure)
Confirm with . or Enter, or press ? or * to list all spells.
Flames lash Edmund but do no damage.
The frozen ramparts melt away.
Edmund hits you with a +4 dire flail of protection.
Casting: Scorch (safe; 10% risk of failure)
Confirm with . or Enter, or press ? or * to list all spells.
You miscast Scorch.
Nothing appears to happen.
Edmund hits you with a +4 dire flail of protection!
* * * LOW HITPOINT WARNING * * *
Casting: Scorch (safe; 10% risk of failure)
Confirm with . or Enter, or press ? or * to list all spells.
Flames lash Edmund but do no damage.
* * * LOW HITPOINT WARNING * * *
Edmund is no longer more vulnerable to fire.
Edmund hits you with a +4 dire flail of protection!
* * * LOW HITPOINT WARNING * * *
Casting: Scorch (safe; 10% risk of failure)
Confirm with . or Enter, or press ? or * to list all spells.
You miscast Blink.
Nothing appears to happen.
* * * LOW HITPOINT WARNING * * *
Edmund closely misses you.
Casting: Blink (safe; 10% risk of failure)
Confirm with . or Enter, or press ? or * to list all spells.
You blink.
* * * LOW HITPOINT WARNING * * *
Edmund hits you but does no damage.
Okay, then.
Casting: Blink (safe; 10% risk of failure)
Confirm with . or Enter, or press ? or * to list all spells.
You are still too unstable to blink.
You hit Edmund.
Edmund is severely wounded.
Edmund hits you with a +4 dire flail of protection!
You die...

###### #.#.#......#)#
### #.#.#.####.#.#
..######.#.#.####.#.#
..........@.....>...#
##.####.####.#.######
#...........#.#########
##..#...........).....#
#..##.######.#######.#
##......@....#@....#.#
#..#.########@###.#.#
##.#.# #.# #.#.# #.#.#
#.# #.#.# #...# #.#
#...# ##..### #<# #####
#..#.################
#..#.........).))...#
#..#.##############.#


You could see Edmund.

Vanquished Creatures
  Pikel (D:6)
  A shadow (D:5)
  4 yaks (D:5)
  2 steam dragons
  Menkaure (D:6)
  A black bear (D:4)
  3 necrophages
  An ogre (D:5)
  2 phantoms
  A bullfrog (D:6)
  2 scorpions (D:5)
  A killer bee (D:6)
  A howler monkey (D:6)
  A hound (D:5)
  An orc priest (D:4)
  A gnoll shaman (D:5)
  2 bullfrog skeletons (D:5)
  An orc wizard (D:4)
  An iguana (D:4)
  A hound skeleton (D:4)
  A mummy (Ossuary)
  A howler monkey zombie (D:6)
  5 gnolls (D:5)
  6 adders
  2 worms (D:3)
  2 dart slugs
  15 orcs
  3 spectral bats (Ossuary)
  2 bat simulacra (Ossuary)
  5 endoplasms
  4 giant cockroaches
  12 gnoll zombies (Ossuary)
  12 goblins
  6 hobgoblins
  4 quokkas
  12 ball pythons
  4 bats
  4 frilled lizards
  A goblin simulacrum (Ossuary)
  5 goblin zombies (Ossuary)
  5 hobgoblin zombies (Ossuary)
  10 kobolds
  3 kobold simulacra (Ossuary)
  5 kobold zombies (Ossuary)
  3 orc zombies (Ossuary)
  6 rats
  3 rat simulacra (Ossuary)
  5 spectral goblins (Ossuary)
  2 spectral kobolds (Ossuary)
177 creatures vanquished.

Vanquished Creatures (others)
  A plant (D:1)
  2 withered plants (D:6)
3 creatures vanquished.

Grand Total: 180 creatures vanquished

Notes
Turn   | Place    | Note
-------+----------+-------------------------------------------
     0 | D:1      | avis the Djinni Warper began the quest for the Orb.
     0 | D:1      | Reached XP level 1. HP: 18/18 MP: 0/0
   235 | D:1      | Reached XP level 2. HP: 16/23 MP: 0/0
   551 | D:1      | Found a faded altar of an unknown god.
   561 | D:1      | Reached skill level 3 in Unarmed Combat
   706 | D:1      | Reached XP level 3. HP: 18/28 MP: 0/0
   706 | D:1      | Learned a level 1 spell: Slow
  2041 | D:2      | Reached skill level 4 in Unarmed Combat
  2041 | D:2      | Reached XP level 4. HP: 32/33 MP: 0/0
  2090 | D:2      | Noticed Sigmund
  3533 | D:4      | Found a sand-covered staircase.
  3539 | Ossuary  | Entered an ossuary
  3564 | Ossuary  | Reached XP level 5. HP: 38/38 MP: 0/0
  3564 | Ossuary  | Learned a level 2 spell: Scorch
  3976 | D:4      | Noticed a phantom
  3986 | D:4      | Noticed a black bear
  3992 | D:3      | Killed a phantom
  3993 | D:3      | Reached skill level 5 in Unarmed Combat
  3993 | D:3      | Reached XP level 6. HP: 34/43 MP: 0/0
  4071 | D:4      | Noticed a necrophage
  4199 | D:4      | Killed a necrophage
  4200 | D:4      | Reached skill level 6 in Unarmed Combat
  4385 | D:4      | Reached XP level 7. HP: 36/49 MP: 0/0
  4385 | D:4      | Learned a level 3 spell: Frozen Ramparts
  4439 | D:4      | Reached skill level 7 in Unarmed Combat
  4499 | D:4      | Found a staircase to the Ecumenical Temple.
  4507 | Temple   | Entered the Ecumenical Temple
  4899 | Temple   | Became a worshipper of Cheibriados the Contemplative
  5110 | D:4      | You are sucked into a shaft and drop 3 floors!
  5117 | D:7      | Noticed a steam dragon
  5135 | D:7      | Killed a steam dragon
  5139 | D:7      | Reached XP level 8. HP: 22/56 MP: 0/0
  5266 | D:5      | Entered Level 5 of the Dungeon
  5392 | D:5      | Reached * piety under Cheibriados
  5480 | D:5      | Reached skill level 8 in Unarmed Combat
  5985 | D:4      | Found Curun's Magic Scroll Shop.
  6254 | D:5      | Noticed a yak
  6254 | D:5      | Noticed a yak
  6256 | D:5      | Noticed a yak
  6266 | D:5      | Killed a yak
  6266 | D:5      | Noticed a yak
  6267 | D:5      | Reached skill level 5 in Dodging
  6567 | D:5      | Killed a yak
  6568 | D:5      | Reached skill level 9 in Unarmed Combat
  6568 | D:5      | Reached XP level 9. HP: 62/62 MP: 0/0
  6568 | D:5      | Learned a level 4 spell: Cause Fear
  6576 | D:5      | Reached skill level 5 in Fighting
  6625 | D:6      | Noticed ryw's ghost (novice DEEn)
  6625 | D:6      | Found a runed translucent door.
  6815 | D:6      | Noticed a four-headed hydra
  6967 | D:6      | Noticed Menkaure
  6977 | D:6      | Killed Menkaure
  6998 | D:6      | Reached skill level 10 in Unarmed Combat
  7048 | D:6      | Noticed Pikel
  7054 | D:6      | Killed Pikel
  7059 | D:6      | Noticed Edmund
  7068 | D:6      | Noticed Duvessa
  7079 | D:5      | Reached XP level 10. HP: 49/72 MP: 0/0
  7155 | D:5      | Mangled by Edmund

Illustrated notes

Levels and vault maps discovered:
D:1:      dpeg_arrival_short_road, layout_basic,
          shapermc_ecumenical_altar_mp_ritualfount, minmay_unequal
D:2:      layout_basic, uniq_crazy_yiuf_cottage, uniq_sigmund
D:3:      layout_rooms, serial_aquarium, aquarium_bridge_straight
          [aquarium_subvault_bridge, aquarium_subvault_wall,
          aquarium_subvault_bridge, aquarium_subvault_window],
          aquarium_bridge_long_separate [aquarium_subvault_wall,
          aquarium_subvault_bridge, aquarium_subvault_bridge,
          aquarium_subvault_bridge, aquarium_subvault_window,
          aquarium_subvault_wall], aquarium_window_fake, aquarium_window_1,
          aquarium_view_2a, aquarium_view_2b
D:4:      layout_gridville, temple_pool_b, enter_ossuary_5, serial_shops,
          kennysheep_mini_moat, chequers_jeans, minmay_tree_intersection
D:5:      layout_basic
D:6:      layout_rooms, gammafunk_ghost_grave, kb_rosetta, uniq_pikel,
          uniq_menkaure, uniq_edmund, uniq_duvessa
D:7:      layout_basic
Temple:   regret_index_temple_sigil_plot

Skill      XL: |  1  2  3  4  5  6  7  8  9 |
---------------+----------------------------+-----
Unarmed Combat | 3 4 5 6 7 9 10 | 10.2
Spellcasting   | 3 |  3.0
Dodging        | 4 5 7 |  7.0
Fighting       | 3 4 6 |  6.0
Throwing       | |  0.7
Armour         | |  1.0

Action                   |  1- 3 |  4- 6 |  7- 9 | 10-12 || total
-------------------------+-------+-------+-------+-------++-------
Melee: Unarmed           |   152 |   148 |    45 |     3 ||   348
       Punch             |     3 |     1 |     3 |     1 ||     8
 Fire: Hunting sling     |     5 |     6 |       |       ||    11
Throw: Javelin           |       |    16 |       |       ||    16
 Cast: Slow              |    27 |    34 |     8 |     3 ||    72
       Scorch            |       |    84 |   113 |     6 ||   203
       Frozen Ramparts   |       |       |     8 |     2 ||    10
       Blink             |       |       |       |     1 ||     1
Evoke: Wand              |       |       |     1 |       ||     1
  Use: Scroll            |       |     1 |     8 |     1 ||    10
Armor: Leather armour    |    39 |    43 |    14 |     1 ||    97
Dodge: Dodged            |    75 |    97 |    85 |     6 ||   263

Table legend: (Time is in decaauts)
 A = Elapsed time spent in this place.
 B = Non-inter-level travel time spent in this place.
 C = Inter-level travel time spent in this place.
 D = Time resting spent in this place.
 E = Time spent auto-exploring this place.
 F = Levels seen in this place.
 G = Mean time per level.
                   A        B        C        D        E       F      G
               +--------+--------+--------+--------+--------+-----+--------+
         Total |   7773 |   7084 |    689 |   2008 |   2674 |   9 |  863.7 |
       Dungeon |   6897 |   6260 |    637 |   1986 |   2323 |   7 |  985.3 |
        Temple |    446 |    395 |     51 |      0 |    325 |   1 |  446.0 |
       Ossuary |    429 |    429 |      0 |     22 |     26 |   1 |  429.0 |
               +--------+--------+--------+--------+--------+-----+--------+

Top non-repeatable levels by time:
     D:1: 2121 daAuts
     D:5: 1696 daAuts
     D:3: 1265 daAuts
     D:4: 913 daAuts
  Temple: 446 daAuts
 Ossuary: 429 daAuts
     D:2: 391 daAuts
     D:6: 357 daAuts
     D:7: 153 daAuts
